 Dungeon Crawl Stone Soup version 0.30-a0-718-geaa24f58ff (webtiles) character file.

Game seed: 13320599250235216790

4993 ASSMAN the Spear-Bearer (level 10, 0/77 (78) HPs)
             Began as a Minotaur Monk on Jan 25, 2023.
             Was a Believer of Okawaru.
             Slain by a death yak (4 damage)
             ... on level 8 of the Dungeon.
             The game lasted 00:15:24 (7815 turns).

ASSMAN the Spear-Bearer (Minotaur Monk)             Turns: 7815, Time: 00:15:24

HP:   0/77 (78)     AC: 12    Str: 21    XL:     10   Next: 29%
MP:   9/9           EV: 12    Int:  7    God:    Okawaru [**....]
Gold: 438           SH:  0    Dex: 25    Spells: 9/9 levels left

rFire   + . .      SeeInvis .    M - +4 halberd
rCold   . . .      Faith    .    (shield currently unavailable)
rNeg    . . .      Spirit   .    q - +2 scale mail {rF+}
rPois   +          Reflect  .    (helmet restricted)
rElec   .          Harm     .    G - scarf {repulsion}
rCorr   .          Rampage  .    (no gloves)
Will    +....                    p - +0 pair of boots
Stlth   +                        w - amulet of Puffao {RegenMP Contam rPois Will+ Dex+7}
HPRegen 0.32/turn                s - +6 ring of dexterity
MPRegen 0.51/turn                (no ring)

@: lightly drained, repel missiles
A: horns 2, retaliatory headbutt
a: Renounce Religion, Heroism


You were on level 8 of the Dungeon.
You worshipped Okawaru.
Okawaru was pleased with you.
You visited 2 branches of the dungeon, and saw 10 of its levels.
You also visited: Ossuary.

You collected 438 gold pieces.

Inventory:

Hand Weapons
 j - a +3 spear
 B - a +1 scythe of venom
 F - a +0 spear of venom
 M - a +4 halberd (weapon)
 N - a +3 trident
Missiles
 i - 2 javelins (quivered)
 D - 2 throwing nets
Armour
 e - a +0 buckler
 h - a +0 cloak
 p - a +0 pair of boots (worn)
 q - a +2 scale mail of fire resistance (worn)
 v - a +0 plate armour
 G - a scarf of repulsion (worn)
Jewellery
 s - a +6 ring of dexterity (left hand)
 w - the amulet of Puffao (around neck) {RegenMP Contam rPois Will+ Dex+7}
   (You found it on level 4 of the Dungeon)

   [amulet of magic regeneration]

   It increases your rate of magic regeneration.
   Dex:       It affects your dexterity (+7).
   rPois:     It protects you from poison.
   Contam:    It causes magical contamination when unequipped.
   Will:      It increases your willpower.
 L - an amulet of the acrobat
Wands
 C - a wand of digging (5)
 E - a wand of flame (30)
 H - a wand of paralysis (7)
 J - a wand of mindburst (8)
Scrolls
 a - 4 scrolls of teleportation
 d - a scroll of magic mapping
 n - a scroll of enchant weapon
 x - a scroll of amnesia
 y - a scroll of identify
 A - a scroll of poison
 I - a scroll of summoning
 K - 3 scrolls of enchant armour
 O - a scroll of fear {unknown}
Potions
 b - 2 potions of haste {unknown}
 c - a potion of ambrosia
 f - 2 potions of mutation
 g - 3 potions of degeneration {unknown}
 k - a potion of lignification {unknown}
 l - a potion of resistance
 m - 3 potions of magic {unknown}
 o - 2 potions of heal wounds
 r - 8 potions of curing
 t - 4 potions of might {unknown}
 u - 2 potions of brilliance {unknown}
 z - 2 potions of invisibility
 P - a potion of attraction {unknown}


   Skills:
 - Level 4.1 Fighting
 + Level 14.9 Polearms
 - Level 10.2 Armour
 - Level 3.2 Dodging
 - Level 1.5 Stealth
 - Level 1.6 Shields


You had 9 spell levels left.
You didn't know any spells.
Your spell library contained the following spells:

 Spells                   Type           Power      Damage    Failure   Level
 Apportation              Tloc           0%         N/A       71%         1
 Necrotise                Necr           0%         1d4       71%         1
 Cigotuvi's Dreadful Rot  Necr/Pois/Air  0%         N/A       85%         2
 Poisonous Vapours        Pois/Air       0%         N/A       85%         2
 Dazzling Flash           Conj/Hex       0%         N/A       97%         3
 Mephitic Cloud           Conj/Pois/Air  0%         N/A       97%         3
 Iskenderun's Mystic Bla  Conj/Tloc      0%         2d3       100%        4
 Yara's Violent Unravell  Hex/Tmut       0%         3d3       100%        5
 Starburst                Conj/Fire      0%         6d3       100%        6
 Enfeeble                 Hex            0%         N/A       100%        7
 Summon Small Mammal      Summ           Unusable   N/A       N/A         1

Dungeon Overview and Level Annotations

Branches:
Dungeon (9/15)             Temple (1/1) D:7         Ossuary (visited)
   Lair: D:8-11         Orc: D:9-12

Altars:
Ashenzari
Cheibriados
Elyvilon
Fedhas
Hepliaklqana
Kikubaaqudgha
Makhleb
Nemelex Xobeh
Okawaru
Qazlal
Ru
Sif Muna
Trog
Uskayaw
Wu Jian
Yredelemnul
Zin
The Shining One


Innate Abilities, Weirdness & Mutations

You have a pair of horns on your head.
You reflexively headbutt those who attack you in melee.


Message History

There is a stone staircase leading up here.
The death yak gores you but does no damage.
You climb upwards.
There is a stone staircase leading down here.
You hit the death yak but do no damage. You headbutt the death yak.
The death yak is lightly wounded.
You hit the death yak. You headbutt the death yak!
The death yak is moderately wounded.
The death yak gores you.
You impale the death yak!!
The death yak is heavily wounded.
The death yak gores you!
You hit the death yak.
The death yak is heavily wounded.
The death yak gores you!
You hit the death yak.
The death yak is heavily wounded.
The death yak gores you but does no damage.
You hit the death yak. You headbutt the death yak!
The death yak is severely wounded.
You puncture the death yak!
The death yak is severely wounded.
The death yak gores you.
You hit the death yak.
The death yak is severely wounded.
The death yak gores you.
You hit the death yak.
You headbutt the death yak, but do no damage.
The death yak is severely wounded.
The death yak gores you.
You slash the death yak!
The death yak is almost dead.
You hit the death yak but do no damage.
The death yak is almost dead.
The death yak gores you!!
* * * LOW HITPOINT WARNING * * *
You hit the death yak.
The death yak is almost dead.
The death yak gores you.
You die...

#.##.######.........
#.##.# ##....##..##
#.##.# #...........
#.##.# #..#########
#.##.# #...........
#.##.# ##..#.######.
#....# #............
##..######.##........
#...@Y.[[.......)#...
##.#######.#..##.#...
#.# #.#......... #.#
#.#####..... #>#
#........... #.#
######...⌠.. #.#
#...... #.# ##.....
#.# ###.##


You could see a death yak.

Vanquished Creatures
  Pikel (D:4)
  Joseph (D:7)
  Sigmund (D:6)
  A wyvern (D:5)
  Menkaure (D:7)
  Edmund (D:6)
  Duvessa (D:4)
  2 ice beasts
  A sky beast (D:6)
  A black bear (D:6)
  3 ogres
  A lemure (D:4)
  5 centaurs
  3 phantoms
  2 bullfrogs
  An elf zombie (Ossuary)
  A necrophage (D:5)
  3 scorpions
  10 wights (D:8)
  Dowan (D:4)
  5 killer bees (D:5)
  An electric eel (D:7)
  4 howler monkeys
  2 centaur zombies (Ossuary)
  A hound (D:6)
  4 jellies
  4 orc priests
  A gnoll bouda (D:7)
  5 iguanas
  5 orc wizards
  2 mummies (Ossuary)
  3 adders
  8 gnolls
  A white imp (D:5)
  4 adder zombies (Ossuary)
  3 worms
  6 dart slugs
  19 orcs
  13 ball pythons
  8 endoplasms
  4 giant cockroaches
  5 goblins
  8 hobgoblins
  5 jackals (D:1)
  5 kobolds
  2 quokkas
  9 bats
  2 frilled lizards
  2 goblin zombies (Ossuary)
  7 hobgoblin zombies (Ossuary)
  A jackal zombie (Ossuary)
  12 kobold zombies (Ossuary)
  7 orc zombies (Ossuary)
  7 rats
216 creatures vanquished.

Notes
Turn   | Place    | Note
-------+----------+-------------------------------------------
     0 | D:1      | ASSMAN the Minotaur Monk began the quest for the Orb.
     0 | D:1      | Reached XP level 1. HP: 19/19 MP: 0/0
   245 | D:1      | Reached skill level 4 in Polearms
   336 | D:1      | Reached XP level 2. HP: 24/26 MP: 1/1
   514 | D:1      | Reached skill level 5 in Polearms
   559 | D:1      | Reached XP level 3. HP: 31/31 MP: 2/2
   692 | D:1      | Found a faded altar of an unknown god.
  1028 | D:2      | Found a burning altar of Makhleb.
  1822 | D:3      | Reached skill level 6 in Polearms
  1822 | D:3      | Reached XP level 4. HP: 39/39 MP: 3/3
  1981 | D:3      | Noticed a phantom
  2005 | D:3      | Killed a phantom
  2006 | D:3      | Reached skill level 7 in Polearms
  2006 | D:3      | Reached XP level 5. HP: 41/45 MP: 4/4
  2193 | D:4      | Identified the amulet of Puffao {RegenMP Contam rPois Will+
                  | Dex+7}
  2256 | D:4      | Reached skill level 8 in Polearms
  2279 | D:4      | Noticed a lemure
  2280 | D:4      | Noticed Pikel
  2282 | D:4      | Noticed a lemure
  2282 | D:4      | Noticed a lemure
  2283 | D:4      | Noticed a lemure
  2308 | D:4      | Killed a lemure
  2314 | D:4      | Killed Pikel
  2315 | D:4      | Reached skill level 10 in Polearms
  2315 | D:4      | Reached XP level 6. HP: 30/51 MP: 5/5
  2315 | D:4      | Reached XP level 7. HP: 34/57 MP: 6/6
  2505 | D:4      | Reached skill level 11 in Polearms
  2577 | D:4      | Noticed Duvessa
  2580 | D:4      | Noticed Dowan
  2591 | D:4      | Killed Duvessa
  2592 | D:4      | Reached XP level 8. HP: 45/64 MP: 7/7
  2598 | D:4      | Killed Dowan
  2822 | D:4      | Found a hide-covered altar of Uskayaw.
  3011 | D:5      | Entered Level 5 of the Dungeon
  3019 | D:5      | Reached skill level 12 in Polearms
  3211 | D:5      | Found a sand-covered staircase.
  3238 | Ossuary  | Entered an ossuary
  3416 | Ossuary  | Reached skill level 5 in Armour
  3689 | D:5      | Found a snail-covered altar of Cheibriados.
  3780 | D:5      | Found a burning altar of Makhleb.
  3909 | D:5      | Reached XP level 9. HP: 15/70 MP: 8/8
  4791 | D:6      | Noticed Edmund
  4809 | D:6      | Killed Edmund
  5073 | D:6      | Reached skill level 10 in Armour
  5155 | D:6      | Noticed Sigmund
  5160 | D:6      | Killed Sigmund
  5161 | D:6      | Reached skill level 1 in Shields
  6015 | D:7      | Noticed Menkaure
  6019 | D:7      | Reached skill level 13 in Polearms
  6026 | D:7      | Killed Menkaure
  6129 | D:7      | Noticed Joseph
  6151 | D:7      | Killed Joseph
  6152 | D:7      | Reached XP level 10. HP: 65/78 MP: 9/9
  6202 | D:7      | Found a staircase to the Ecumenical Temple.
  6215 | D:7      | Reached skill level 14 in Polearms
  6221 | Temple   | Entered the Ecumenical Temple
  6322 | Temple   | Became a worshipper of Warmaster Okawaru
  6322 | Temple   | Reached * piety under Okawaru
  6322 | Temple   | Reached ** piety under Okawaru
  6525 | D:7      | Found a glowing golden altar of the Shining One.
  6723 | D:8      | Noticed a two-headed ogre
  7105 | D:8      | Found a glowing silver altar of Zin.
  7785 | D:9      | Noticed a death yak
  7787 | D:9      | Noticed a death yak
  7789 | D:9      | Noticed a death yak
  7814 | D:8      | HP: 3/77 [death yak (24)]
  7815 | D:8      | Slain by a death yak

Illustrated notes

Levels and vault maps discovered:
D:1:      dpeg_arrival_connections, layout_loops_ring,
          nicolae_ecumenical_lake_church
D:2:      layout_basic, basic_altar
D:3:      layout_basic
D:4:      layout_rooms, lemuel_doored_altar, hangedman_decor_opposing,
          uniq_pikel, uniq_duvessa
D:5:      layout_cave_pods, amcnicky_altar_gilded, cheibrodos_worm_habitat,
          nicolae_ossuary_entry_ruins, lemuel_flamethrower_2
D:6:      layout_basic, minmay_misc_feat_nine_boxes,
          wad_floor_pattern_untrapped, uniq_sigmund, uniq_edmund
D:7:      layout_rooms, tso_oasis_becter, minmay_temple_entry_statues_fountains,
          minivault_4, grunt_decor_one_mirror, uniq_joseph, uniq_menkaure
D:8:      layout_basic, zin_treasury, solitary_fountain
D:9:      layout_irregular_city, vehumet_crystals, dpeg_lair_monsters
Temple:   compressed_dpeg_triangle_lava_temple

Skill      XL: |  1  2  3  4  5  6  7  8  9 10 |
---------------+-------------------------------+-----
Polearms       | 4 5 6 7 10 11 12 13 14 | 14.9
Armour         | 8 10 | 10.2
Fighting       | 4 |  4.1
Shields        | 1 |  1.6
Dodging        | |  3.2
Stealth        | |  1.5

Action                     |  1- 3 |  4- 6 |  7- 9 | 10-12 || total
---------------------------+-------+-------+-------+-------++-------
  Melee: Spear             |   115 |    64 |   432 |    77 ||   688
         Headbutt          |    12 |     7 |   116 |    15 ||   150
         Halberd           |       |       |       |    36 ||    36
    Use: Scroll            |       |     6 |     3 |     6 ||    15
   Stab: Sleeping          |    10 |     2 |     4 |     1 ||    17
 Armour: Robe              |    14 |     9 |     5 |       ||    28
         Plate armour      |       |       |    21 |       ||    21
         Scale mail        |       |       |    35 |    18 ||    53
  Dodge: Dodged            |    32 |    15 |    94 |    33 ||   174
  Block: Buckler           |     9 |     8 |    30 |     8 ||    55

Table legend: (Time is in decaauts)
 A = Elapsed time spent in this place.
 B = Non-inter-level travel time spent in this place.
 C = Inter-level travel time spent in this place.
 D = Time resting spent in this place.
 E = Time spent auto-exploring this place.
 F = Levels seen in this place.
 G = Mean time per level.
                   A        B        C        D        E       F      G
               +--------+--------+--------+--------+--------+-----+--------+
         Total |   7565 |   7274 |    291 |    453 |   5517 |  11 |  687.7 |
       Dungeon |   7191 |   6909 |    282 |    453 |   5320 |   9 |  799.0 |
        Temple |    110 |    101 |      9 |      0 |     65 |   1 |  110.0 |
       Ossuary |    263 |    263 |      0 |      0 |    132 |   1 |  263.0 |
               +--------+--------+--------+--------+--------+-----+--------+

Top non-repeatable levels by time:
     D:6: 1216 daAuts
     D:5: 1201 daAuts
     D:8: 1149 daAuts
     D:1: 1024 daAuts
     D:4: 797 daAuts
     D:7: 592 daAuts
     D:2: 571 daAuts
     D:3: 571 daAuts
 Ossuary: 263 daAuts
  Temple: 110 daAuts
     D:9: 65 daAuts
